[Event "Slovakia Chess Open 2024"]
[Site "Modra"]
[Date "2024.03.01"]
[Round "1.1"]
[White "Krivoborodov, Egor"]
[Black "Nosal, Tobias"]
[Result "1-0"]
[ECO "A80"]
[WhiteElo "2555"]
[BlackElo "1773"]
[Annotator "RC"]
[PlyCount "91"]
[EventDate "2024.02.29"]
[EventType "swiss"]
[EventCountry "SVK"]
[SourceTitle "playchess.com"]
[Source "ChessBase"]
[SourceQuality "1"]
[TimeControl "5400+30"]

1. d4 e6 2. Nf3 f5 3. Bf4 Nf6 4. e3 b6 5. Be2 Bb7 6. O-O Bd6 7. Bxd6 cxd6 8. c4 d5 9. Nc3 O-O 10. cxd5 Nxd5 11. Nxd5 Bxd5 12. Nd2 Qg5 13. Bf3 Bxf3 14. Nxf3 Qe7 15. Rc1 Qd6 16. Ne5 Nc6 17. Nxc6 dxc6 18. Qa4 Rfc8 19. Rc3 Rc7 20. Rfc1 Rac8 21. g3 h6 22. b4 Qd5 23. Qc2 Kf7 24. a3 Qf3 25. a4 h5 26. h4 Qd5 27. Qe2 g6 28. a5 Ke7 29. axb6 axb6 30. Qa6 b5 31. Rc5 Qd7 32. Qa1 Kf7 33. Qc3 Qd6 34. Kg2 Qd7 35. Ra1 Ra7 36. Rxa7 Qxa7 37. Rxc6 Qb7 38. d5 Rxc6 39. dxc6 Qc7 40. Qc5 Qd8 41. Qxb5 Qd1 42. Qb7+ Kf6 43. c7 g5 44. c8=Q g4 45. Qh8+ Kg6 46. Qhg7# 1-0

[Event "Slovakia Chess Open 2024"]
[Site "Modra"]
[Date "2024.03.01"]
[Round "1.2"]
[White "Loffay, Pavol"]
[Black "Bochnicka, Vladimir"]
[Result "0-1"]
[ECO "A07"]
[WhiteElo "1753"]
[BlackElo "2413"]
[Annotator "RC"]
[PlyCount "58"]
[EventDate "2024.02.29"]
[EventType "swiss"]
[EventCountry "SVK"]
[SourceTitle "playchess.com"]
[Source "ChessBase"]
[SourceQuality "1"]
[TimeControl "5400+30"]

1. d3 d5 2. Nf3 Nf6 3. g3 Bg4 4. Bg2 c6 5. c3 Nbd7 6. Qc2 e5 7. Nbd2 Be7 8. O-O O-O 9. e4 h6 10. Re1 Qc7 11. Nf1 Rfd8 12. Ne3 Be6 13. Bd2 a5 14. a3 dxe4 15. dxe4 Nc5 16. c4 Nfxe4 17. Bc3 Nxc3 18. Qxc3 e4 19. Nd4 Bc8 20. b4 Nd3 21. Red1 axb4 22. axb4 Bxb4 23. Qb3 Rxa1 24. Rxa1 Rxd4 25. Nc2 Rd8 26. Nxb4 Qb6 27. Rd1 Nxb4 28. c5 Rxd1+ 29. Qxd1 Qxc5 0-1

[Event "Slovakia Chess Open 2024"]
[Site "Modra"]
[Date "2024.03.01"]
[Round "1.3"]
[White "Shirinyan, Daniel"]
[Black "Fratric, Jakub"]
[Result "1-0"]
[ECO "A67"]
[WhiteElo "2177"]
[BlackElo "1750"]
[Annotator "RC"]
[PlyCount "49"]
[EventDate "2024.02.29"]
[EventType "swiss"]
[EventCountry "SVK"]
[SourceTitle "playchess.com"]
[Source "ChessBase"]
[SourceQuality "1"]
[TimeControl "5400+30"]

1. d4 Nf6 2. c4 c5 3. d5 e6 4. Nc3 exd5 5. cxd5 d6 6. e4 g6 7. f4 Bg7 8. Bb5+ Nfd7 9. Be2 Qh4+ 10. g3 Qd8 11. Nf3 O-O 12. O-O Na6 13. Kg2 Nc7 14. f5 Ne5 15. Bg5 Bf6 16. Bxf6 Qxf6 17. a4 Rb8 18. Qd2 Nxf3 19. Rxf3 g5 20. h4 gxh4 21. Rh1 Kh8 22. Rf4 Qd4 23. Rfxh4 Qxd2 24. Rxh7+ Kg8 25. f6 1-0

[Event "Slovakia Chess Open 2024"]
[Site "Modra"]
[Date "2024.03.01"]
[Round "1.4"]
[White "Zentko, Ladislav"]
[Black "Stevik, Patrik"]
[Result "0-1"]
[ECO "D02"]
[WhiteElo "1749"]
[BlackElo "2167"]
[Annotator "RC"]
[PlyCount "48"]
[EventDate "2024.02.29"]
[EventType "swiss"]
[EventCountry "SVK"]
[SourceTitle "playchess.com"]
[Source "ChessBase"]
[SourceQuality "1"]
[TimeControl "5400+30"]

1. Nf3 d5 2. d4 c5 3. c3 Nc6 4. Bf4 Nf6 5. e3 Nh5 6. Ne5 Nxf4 7. Nxc6 bxc6 8. exf4 Qb6 9. b3 cxd4 10. c4 e6 11. Bd3 Bb4+ 12. Kf1 Ba6 13. Qe2 O-O 14. g3 Rfd8 15. a3 dxc4 16. Bxc4 d3 17. Qd1 Bxc4 18. bxc4 Qd4 19. Ra2 Qxc4 20. Rb2 d2+ 21. Kg2 Ba5 22. Rc2 Qd5+ 23. f3 Qd4 24. Rf1 Rab8 0-1

[Event "Slovakia Chess Open 2024"]
[Site "Modra"]
[Date "2024.03.01"]
[Round "1.5"]
[White "Banas, Kamil"]
[Black "Banas, Samuel"]
[Result "1-0"]
[ECO "C80"]
[WhiteElo "2162"]
[BlackElo "1733"]
[Annotator "RC"]
[PlyCount "33"]
[EventDate "2024.02.29"]
[EventType "swiss"]
[EventCountry "SVK"]
[SourceTitle "playchess.com"]
[Source "ChessBase"]
[SourceQuality "1"]
[TimeControl "5400+30"]

1. e4 e5 2. Nf3 Nc6 3. Bb5 a6 4. Ba4 Nf6 5. O-O b5 6. Bb3 Nxe4 7. d4 Nd6 8. dxe5 Nb7 9. Ng5 Qe7 10. Nxf7 Nc5 11. Bg5 Nxb3 12. Bxe7 Nxa1 13. Nxh8 Bxe7 14. Qd5 Nxc2 15. Qf7+ Kd8 16. Qg8+ Bf8 17. Qxf8# 1-0

[Event "Slovakia Chess Open 2024"]
[Site "Modra"]
[Date "2024.03.01"]
[Round "1.6"]
[White "Hitka, Dominik"]
[Black "Oruzinsky, Juraj"]
[Result "0-1"]
[ECO "D13"]
[WhiteElo "1709"]
[BlackElo "2160"]
[Annotator "RC"]
[PlyCount "84"]
[EventDate "2024.02.29"]
[EventType "swiss"]
[EventCountry "SVK"]
[SourceTitle "playchess.com"]
[Source "ChessBase"]
[SourceQuality "1"]
[TimeControl "5400+30"]

1. Nf3 Nf6 2. c4 c6 3. Nc3 d5 4. cxd5 cxd5 5. d4 Nc6 6. h3 a6 7. Bf4 Bf5 8. a3 e6 9. e3 Bd6 10. Bxd6 Qxd6 11. Bd3 Bg6 12. b4 b5 13. Bxg6 hxg6 14. Nd2 Nd7 15. Nb3 Nb6 16. Nc5 Qb8 17. Qb3 g5 18. Rb1 Nc4 19. a4 g4 20. a5 g3 21. Qa2 Ra7 22. Qe2 Rh6 23. f4 Ne7 24. Qd3 Qd6 25. O-O Nf5 26. Rf3 Qd8 27. Ne2 Rg6 28. e4 dxe4 29. Nxe4 Rd7 30. Nc5 Nxd4 31. Nxd7 Nxf3+ 32. Qxf3 Qxd7 33. Qa8+ Ke7 34. Qxa6 e5 35. Qa8 exf4 36. Re1 Re6 37. Qb8 Qd4+ 38. Kh1 Qf2 39. Rd1 Nd6 40. Qc7+ Kf8 41. Ng1 g6 42. Rxd6 Qxg1+ 0-1

[Event "Slovakia Chess Open 2024"]
[Site "Modra"]
[Date "2024.03.01"]
[Round "1.7"]
[White "Smetana, Peter"]
[Black "Visvader, Kristof"]
[Result "1/2-1/2"]
[ECO "C62"]
[WhiteElo "1993"]
[BlackElo "1696"]
[Annotator "RC"]
[PlyCount "63"]
[EventDate "2024.02.29"]
[EventType "swiss"]
[EventCountry "SVK"]
[SourceTitle "playchess.com"]
[Source "ChessBase"]
[SourceQuality "1"]
[TimeControl "5400+30"]

1. e4 e5 2. Nf3 Nc6 3. Nc3 Nf6 4. d4 d6 5. Bb5 Bd7 6. Bxc6 Bxc6 7. Qd3 exd4 8. Nxd4 Qd7 9. O-O O-O-O 10. b4 Qe8 11. Re1 d5 12. b5 dxe4 13. Qc4 Bd5 14. Qa4 Bc5 15. Be3 Ng4 16. h3 Nxe3 17. fxe3 Qe5 18. Nxd5 Rxd5 19. c3 f5 20. Rf1 Rf8 21. Rad1 f4 22. Rxf4 Rxf4 23. exf4 Qxf4 24. Qc4 Rg5 25. Qg8+ Kd7 26. Qe6+ Kd8 27. Qg8+ Kd7 28. Qe6+ Kd8 29. Rf1 Qe5 30. Qg8+ Qe8 31. Qc4 Qd7 32. Qg8+ 1/2-1/2

[Event "Slovakia Chess Open 2024"]
[Site "Modra"]
[Date "2024.03.01"]
[Round "1.8"]
[White "Pikulik, Roman"]
[Black "Galla, Richard"]
[Result "0-1"]
[ECO "B33"]
[WhiteElo "1675"]
[BlackElo "1975"]
[Annotator "NA RC"]
[PlyCount "28"]
[EventDate "2024.02.29"]
[EventType "swiss"]
[EventCountry "SVK"]
[SourceTitle "playchess.com"]
[Source "ChessBase"]
[SourceQuality "1"]
[TimeControl "5400+30"]

1. e4 c5 2. Nf3 Nc6 3. d4 cxd4 4. Nxd4 Nf6 5. Nc3 e5 6. Nf5 d5 7. Ng3 Bb4 8. Bd2 O-O 9. Bd3 Bg4 10. f3 Be6 11. O-O a6 12. f4 Bc5+ 13. Kh1 Ng4 14. exd5 Qh4 0-1

[Event "Slovakia Chess Open 2024"]
[Site "Modra"]
[Date "2024.03.01"]
[Round "1.9"]
[White "Hasala, Richard"]
[Black "Chojnacki, Kevin"]
[Result "1/2-1/2"]
[ECO "A48"]
[WhiteElo "1935"]
[BlackElo "1672"]
[Annotator "RC"]
[PlyCount "92"]
[EventDate "2024.02.29"]
[EventType "swiss"]
[EventCountry "SVK"]
[SourceTitle "playchess.com"]
[Source "ChessBase"]
[SourceQuality "1"]
[TimeControl "5400+30"]

1. d4 Nf6 2. Nf3 g6 3. e3 c5 4. d5 a6 5. c4 d6 6. Nc3 e6 7. e4 exd5 8. exd5 Bg7 9. Be2 O-O 10. O-O Bg4 11. h3 Bxf3 12. Bxf3 Nbd7 13. Bf4 Qc7 14. g4 Rab8 15. a4 b6 16. Qd2 Ne5 17. Be2 Qd7 18. Bg3 Qc7 19. f4 Ned7 20. Rae1 h5 21. g5 Ne8 22. Bd3 Bd4+ 23. Kh2 Ng7 24. f5 Ne5 25. f6 Ne8 26. b3 Qd7 27. Ne2 Nxd3 28. Qxd3 Be5 29. Nc3 Bxc3 30. Qxc3 b5 31. Re7 Qd8 32. axb5 axb5 33. Ra1 bxc4 34. bxc4 Qb6 35. Kg2 Nc7 36. Qa5 Qb2+ 37. Bf2 Ra8 38. Qxc7 Rxa1 39. Qxd6 Qc1 40. h4 Qh1+ 41. Kg3 Ra3+ 42. Re3 Rxe3+ 43. Bxe3 Qe1+ 44. Bf2 Qc3+ 45. Kh2 Qxc4 46. Qxc5 Qf4+ 1/2-1/2

[Event "Slovakia Chess Open 2024"]
[Site "Modra"]
[Date "2024.03.01"]
[Round "1.10"]
[White "Gonda, Jan"]
[Black "Mruskovic, Radoslav"]
[Result "0-1"]
[ECO "E76"]
[WhiteElo "1657"]
[BlackElo "1933"]
[Annotator "RC"]
[PlyCount "52"]
[EventDate "2024.02.29"]
[EventType "swiss"]
[EventCountry "SVK"]
[SourceTitle "playchess.com"]
[Source "ChessBase"]
[SourceQuality "1"]
[TimeControl "5400+30"]

1. d4 d6 2. c4 Nf6 3. Nc3 g6 4. e4 Bg7 5. f4 O-O 6. Nf3 Bg4 7. Be3 Nbd7 8. Be2 Bxf3 9. Bxf3 e5 10. fxe5 dxe5 11. d5 b6 12. O-O Ne8 13. Qc2 Nd6 14. Be2 f5 15. exf5 gxf5 16. Bd3 e4 17. Be2 Ne5 18. b3 Ng6 19. g3 Be5 20. Rad1 Qf6 21. Nb1 f4 22. gxf4 Nxf4 23. Kh1 Qh4 24. Rg1+ Kh8 25. Bd4 Bxd4 26. Rxd4 Nxe2 0-1

[Event "Slovakia Chess Open 2024"]
[Site "Modra"]
[Date "2024.03.01"]
[Round "1.11"]
[White "Melih, Mario"]
[Black "Smolka, Robert"]
[Result "1-0"]
[ECO "B34"]
[WhiteElo "1930"]
[BlackElo "1620"]
[Annotator "RC"]
[PlyCount "53"]
[EventDate "2024.02.29"]
[EventType "swiss"]
[EventCountry "SVK"]
[SourceTitle "playchess.com"]
[Source "ChessBase"]
[SourceQuality "1"]
[TimeControl "5400+30"]

1. e4 c5 2. Nf3 g6 3. d4 cxd4 4. Nxd4 Bg7 5. Nc3 Nc6 6. Be3 Qb6 7. Ndb5 Qa5 8. Bd2 Qd8 9. Nd5 Be5 10. f4 Bb8 11. Bc3 e5 12. Na3 Nf6 13. Qf3 Nd4 14. Bxd4 exd4 15. O-O-O O-O 16. Rxd4 Nxd5 17. Rxd5 b6 18. Bc4 Bb7 19. Rd4 Qc7 20. g3 a6 21. Rhd1 Rd8 22. f5 b5 23. fxg6 d5 24. gxh7+ Kxh7 25. Bxd5 Rc8 26. Bxb7 Qxb7 27. Rd7 1-0

[Event "Slovakia Chess Open 2024"]
[Site "Modra"]
[Date "2024.03.01"]
[Round "1.12"]
[White "Veres, Alex"]
[Black "Novomeska, Karin"]
[Result "0-1"]
[ECO "B12"]
[WhiteElo "1584"]
[BlackElo "1929"]
[Annotator "RC"]
[PlyCount "54"]
[EventDate "2024.02.29"]
[EventType "swiss"]
[EventCountry "SVK"]
[SourceTitle "playchess.com"]
[Source "ChessBase"]
[SourceQuality "1"]
[TimeControl "5400+30"]

1. e4 c6 2. d4 d5 3. e5 Bf5 4. c4 e6 5. Nc3 Nd7 6. Bd3 Bxd3 7. Qxd3 dxc4 8. Qxc4 Ne7 9. Nf3 Nb6 10. Qd3 Ned5 11. Ne4 Bb4+ 12. Bd2 Nf4 13. Qb3 Bxd2+ 14. Nexd2 Nxg2+ 15. Kf1 Nf4 16. Rg1 O-O 17. Ne4 Kh8 18. Rd1 Nbd5 19. Nfg5 Qe7 20. Qg3 Qb4 21. Nd6 g6 22. Qh4 h5 23. Rg4 Qa4 24. b3 Qa6+ 25. Kg1 Qe2 26. Rf1 Qxg4+ 27. Qxg4 hxg4 0-1

[Event "Slovakia Chess Open 2024"]
[Site "Modra"]
[Date "2024.03.01"]
[Round "1.13"]
[White "Kukla, Tomas"]
[Black "Rozboril, Alex"]
[Result "1-0"]
[ECO "D52"]
[WhiteElo "1864"]
[BlackElo "1563"]
[Annotator "NA RC"]
[PlyCount "79"]
[EventDate "2024.02.29"]
[EventType "swiss"]
[EventCountry "SVK"]
[SourceTitle "playchess.com"]
[Source "ChessBase"]
[SourceQuality "1"]
[TimeControl "5400+30"]

1. d4 d5 2. c4 c6 3. Nf3 Nf6 4. Nc3 e6 5. Bg5 Bb4 6. Qc2 Nbd7 7. e3 O-O 8. Bd3 Qc7 9. O-O b6 10. Rac1 Bxc3 11. Qxc3 Bb7 12. cxd5 exd5 13. Qc2 h6 14. Bf4 Qd8 15. Qe2 a5 16. h3 Qe7 17. Nh2 Rfc8 18. Ng4 Nxg4 19. hxg4 c5 20. Qf3 Qf6 21. Bf5 Qe7 22. Qh3 Rc6 23. g5 g6 24. Bxd7 Bc8 25. Bxc8 Raxc8 26. Qxh6 Qf8 27. Qxf8+ Kxf8 28. Be5 cxd4 29. Rxc6 Rxc6 30. Bxd4 b5 31. a3 a4 32. g3 b4 33. Kg2 b3 34. Rh1 Ke7 35. Rh8 Rc4 36. Bf6+ Ke6 37. Kf3 Kd6 38. Rd8+ Ke6 39. Bc3 Ke7 40. Rxd5 1-0

[Event "Slovakia Chess Open 2024"]
[Site "Modra"]
[Date "2024.03.01"]
[Round "1.14"]
[White "Li, Geng Hui"]
[Black "Pisarcik, Richard"]
[Result "1-0"]
[ECO "D37"]
[WhiteElo "1555"]
[BlackElo "1855"]
[Annotator "NA RC"]
[PlyCount "83"]
[EventDate "2024.02.29"]
[EventType "swiss"]
[EventCountry "SVK"]
[SourceTitle "playchess.com"]
[Source "ChessBase"]
[SourceQuality "1"]
[TimeControl "5400+30"]

1. d4 d5 2. c4 e6 3. Nc3 Nf6 4. Nf3 Be7 5. Bf4 h6 6. e3 b6 7. Be2 Bb7 8. Rc1 O-O 9. O-O c5 10. a3 Nc6 11. Ne5 Rc8 12. Nb1 cxd4 13. exd4 Nxe5 14. dxe5 Ne4 15. Nd2 Bg5 16. Bxg5 Qxg5 17. Nf3 Qg6 18. Nh4 Qg5 19. Nf3 Qf5 20. Qd4 Rfd8 21. cxd5 Rxc1 22. Rxc1 Rxd5 23. Qa4 Rxe5 24. Bd3 g6 25. Qxa7 Qf4 26. Rd1 Rd5 27. Qxb7 Rxd3 28. Qc8+ Kh7 29. Rxd3 g5 30. Qc2 Kg7 31. Rd4 f5 32. Rd7+ Kg6 33. Qc8 Nf6 34. Rd1 e5 35. Qe6 Qa4 36. Rf1 g4 37. Nxe5+ Kg5 38. Nf7+ Kg6 39. Nd6 Qd4 40. Qxf5+ Kg7 41. Qe6 Kg6 42. Ne8 1-0

[Event "Slovakia Chess Open 2024"]
[Site "Modra"]
[Date "2024.03.01"]
[Round "1.15"]
[White "Bucor, Mark"]
[Black "Hanzel, Richard"]
[Result "1-0"]
[ECO "D45"]
[WhiteElo "1852"]
[BlackElo "1531"]
[Annotator "NA RC"]
[PlyCount "55"]
[EventDate "2024.02.29"]
[EventType "swiss"]
[EventCountry "SVK"]
[SourceTitle "playchess.com"]
[Source "ChessBase"]
[SourceQuality "1"]
[TimeControl "5400+30"]

1. c4 c6 2. Nf3 d5 3. d4 Nf6 4. Nc3 e6 5. e3 Nbd7 6. Be2 dxc4 7. a4 Be7 8. Bxc4 Nd5 9. O-O O-O 10. Qe2 Nxc3 11. bxc3 Nb6 12. Bd3 h6 13. Ne5 Nd7 14. f4 Bd6 15. Bd2 Bxe5 16. fxe5 b6 17. Rf3 f6 18. exf6 Rxf6 19. Rxf6 Nxf6 20. e4 Qe7 21. e5 Nd7 22. Qe4 Nf8 23. Bc1 Bb7 24. Qg4 g5 25. Qh5 Qg7 26. Ba3 Rd8 27. Rf1 Nd7 28. Bg6 1-0

[Event "Slovakia Chess Open 2024"]
[Site "Modra"]
[Date "2024.03.01"]
[Round "1.16"]
[White "Mruskovic, Ondrej"]
[Black "Petrik, Matus"]
[Result "0-1"]
[ECO "B47"]
[WhiteElo "1510"]
[BlackElo "1812"]
[Annotator "NA RC"]
[PlyCount "62"]
[EventDate "2024.02.29"]
[EventType "swiss"]
[EventCountry "SVK"]
[SourceTitle "playchess.com"]
[Source "ChessBase"]
[SourceQuality "1"]
[TimeControl "5400+30"]

1. e4 c5 2. Nf3 e6 3. Nc3 Nc6 4. d4 cxd4 5. Nxd4 Qc7 6. g3 a6 7. Bg2 Nf6 8. O-O Bc5 9. Nf3 O-O 10. Qd3 b5 11. Be3 Nb4 12. Bf4 e5 13. Bxe5 d6 14. Bxd6 Bxd6 15. Qd2 Bb7 16. a3 Nc6 17. Rad1 Rad8 18. Qe3 Rfe8 19. Rfe1 Ne5 20. Nxe5 Bxe5 21. Rxd8 Rxd8 22. Nd5 Nxd5 23. exd5 Bd6 24. Re2 g6 25. Qd4 Bf8 26. b4 Bg7 27. Qe3 Bxd5 28. Bxd5 Rxd5 29. Qe8+ Bf8 30. Qa8 Rd1+ 31. Kg2 Qd6 0-1

[Event "Slovakia Chess Open 2024"]
[Site "Modra"]
[Date "2024.03.01"]
[Round "1.17"]
[White "Pietrucha, Jaroslaw"]
[Black "Gecik Jergus"]
[Result "1-0"]
[ECO "C44"]
[WhiteElo "1781"]
[BlackElo "1000"]
[Annotator "NA RC"]
[PlyCount "81"]
[EventDate "2024.02.29"]
[EventType "swiss"]
[EventCountry "SVK"]
[SourceTitle "playchess.com"]
[Source "ChessBase"]
[SourceQuality "1"]
[TimeControl "5400+30"]

1. e4 e5 2. Nf3 Nc6 3. d4 Bb4+ 4. c3 Ba5 5. dxe5 d6 6. exd6 cxd6 7. h3 Nf6 8. Bd3 d5 9. exd5 Nxd5 10. O-O O-O 11. Re1 Re8 12. Rxe8+ Qxe8 13. Bxh7+ Kxh7 14. Qxd5 Be6 15. Ng5+ Kg8 16. Nxe6 fxe6 17. Qb3 Qd7 18. Bf4 Rf8 19. Bg3 Qd5 20. Qxd5 exd5 21. Kf1 Re8 22. Na3 a6 23. Nc2 Re7 24. Rd1 d4 25. Nxd4 Nxd4 26. Rxd4 Rc7 27. Ke2 Re7+ 28. Kd2 Bc7 29. Bxc7 Rxc7 30. Ke2 Re7+ 31. Kd2 Rf7 32. f3 Rc7 33. Ke2 Re7+ 34. Kf2 Kf7 35. Rd5 Rc7 36. Rf5+ Kg8 37. Re5 Rd7 38. g4 Rd2+ 39. Re2 Rd1 40. h4 Kh7 41. h5 1-0

[Event "Slovakia Chess Open 2024"]
[Site "Modra"]
[Date "2024.03.01"]
[Round "1.18"]
[White "Lepejova Viola"]
[Black "Palka, Miroslav"]
[Result "0-1"]
[ECO "B70"]
[WhiteElo "1000"]
[BlackElo "1780"]
[Annotator "NA RC"]
[PlyCount "70"]
[EventDate "2024.02.29"]
[EventType "swiss"]
[EventCountry "SVK"]
[SourceTitle "playchess.com"]
[Source "ChessBase"]
[SourceQuality "1"]
[TimeControl "5400+30"]

1. e4 c5 2. Nf3 d6 3. d4 cxd4 4. Nxd4 Nf6 5. Bd3 g6 6. O-O Bg7 7. Nc3 O-O 8. Bc4 Nc6 9. Be3 Ng4 10. h3 Nxe3 11. fxe3 Ne5 12. Nf3 Nxc4 13. Qc1 Be6 14. Nd2 Nxe3 15. Rf3 Bxc3 16. bxc3 Nc4 17. Rb1 b6 18. Rb4 Ne5 19. Rg3 Rc8 20. a4 Qc7 21. Nb1 Nc4 22. h4 d5 23. Re3 Nxe3 24. Qxe3 Qc5 25. Qd4 dxe4 26. Kh1 f5 27. Rb5 Qxd4 28. cxd4 Rxc2 29. Na3 Ra2 30. d5 Bd7 31. Rb3 Rc8 32. h5 f4 33. Nb5 Rc1+ 34. Kh2 Raa1 35. g3 Rc2# 0-1

[Event "Slovakia Chess Open 2024"]
[Site "Modra"]
[Date "2024.03.02"]
[Round "2.1"]
[White "Novomeska, Karin"]
[Black "Krivoborodov, Egor"]
[Result "0-1"]
[ECO "A65"]
[WhiteElo "1929"]
[BlackElo "2555"]
[Annotator "RC"]
[PlyCount "70"]
[EventDate "2024.02.29"]
[EventType "swiss"]
[EventCountry "SVK"]
[SourceTitle "playchess.com"]
[Source "ChessBase"]
[SourceQuality "1"]
[TimeControl "5400+30"]

1. d4 Nf6 2. c4 c5 3. d5 e6 4. Nc3 exd5 5. cxd5 d6 6. e4 g6 7. Bb5+ Nbd7 8. Be2 a6 9. a4 Qe7 10. Qc2 Bg7 11. f4 O-O 12. Nf3 Re8 13. Nd2 Ng4 14. Bxg4 Qh4+ 15. Kf1 Qxg4 16. Nc4 Bf8 17. Qf2 f5 18. h3 Qh5 19. Be3 Rb8 20. Ne2 fxe4 21. Rd1 Qf5 22. g4 Qf7 23. f5 b5 24. axb5 axb5 25. Na5 Ne5 26. Nc6 Nxc6 27. dxc6 Rb6 28. Nf4 Rxc6 29. Nd5 gxf5 30. gxf5 Re5 31. Qg3+ Kh8 32. Nf4 Rxf5 33. Rg1 d5 34. Rd2 d4 35. Rdg2 Rg6 0-1

[Event "Slovakia Chess Open 2024"]
[Site "Modra"]
[Date "2024.03.02"]
[Round "2.2"]
[White "Bochnicka, Vladimir"]
[Black "Melih, Mario"]
[Result "1-0"]
[ECO "C54"]
[WhiteElo "2413"]
[BlackElo "1930"]
[Annotator "RC"]
[PlyCount "99"]
[EventDate "2024.02.29"]
[EventType "swiss"]
[EventCountry "SVK"]
[SourceTitle "playchess.com"]
[Source "ChessBase"]
[SourceQuality "1"]
[TimeControl "5400+30"]

1. e4 e5 2. Nf3 Nc6 3. Bc4 Bc5 4. c3 Nf6 5. d3 d6 6. Nbd2 a6 7. Bb3 O-O 8. O-O Ba7 9. h3 h6 10. Re1 Re8 11. Nf1 Be6 12. Ng3 d5 13. Qe2 Qd7 14. Bc2 Rad8 15. Kh2 b5 16. d4 dxe4 17. Nxe4 Nxe4 18. Qxe4 f5 19. Qh4 exd4 20. Rxe6 Rxe6 21. Bxf5 Qe7 22. Bxe6+ Qxe6 23. cxd4 Bxd4 24. Qg3 Rf8 25. Nxd4 Nxd4 26. Bd2 Ne2 27. Qe3 Qxe3 28. Bxe3 Nf4 29. Bc5 Rd8 30. Be3 Ne6 31. b4 Kf7 32. a4 c6 33. a5 Rc8 34. Rc1 Ke7 35. f4 Nf8 36. Bc5+ Kf7 37. Rd1 Re8 38. Rd6 Rc8 39. f5 Kg8 40. Kg3 Kf7 41. Kf4 Kg8 42. g4 Kf7 43. h4 Kg8 44. g5 hxg5+ 45. hxg5 Kf7 46. g6+ Ke8 47. Kg5 Nd7 48. Re6+ Kd8 49. Be7+ Kc7 50. Bd6+ 1-0

[Event "Slovakia Chess Open 2024"]
[Site "Modra"]
[Date "2024.03.02"]
[Round "2.3"]
[White "Petrik, Matus"]
[Black "Shirinyan, Daniel"]
[Result "1/2-1/2"]
[ECO "A17"]
[WhiteElo "1812"]
[BlackElo "2177"]
[Annotator "RC"]
[PlyCount "97"]
[EventDate "2024.02.29"]
[EventType "swiss"]
[EventCountry "SVK"]
[SourceTitle "playchess.com"]
[Source "ChessBase"]
[SourceQuality "1"]
[TimeControl "5400+30"]

1. c4 Nf6 2. Nc3 e6 3. g3 d5 4. Bg2 h6 5. d3 dxc4 6. Qa4+ Bd7 7. Qxc4 Bc6 8. Nf3 Nbd7 9. b4 a6 10. O-O Bd6 11. Bb2 O-O 12. Rfc1 Bxf3 13. exf3 Ne5 14. Qd4 Nc6 15. Qe3 Nxb4 16. Ne4 Be7 17. Rc4 a5 18. d4 Nbd5 19. Qc1 Rc8 20. f4 b6 21. Qc2 Qd7 22. Bh3 Nb4 23. Qe2 Nbd5 24. Qf3 g6 25. Rac1 Nxe4 26. Qxe4 Bf6 27. Rc6 Rfe8 28. a4 Nb4 29. R6c4 c5 30. Rd1 Qxa4 31. Qe2 Rcd8 32. Ra1 Qb5 33. Bf1 cxd4 34. Qd2 Qf5 35. Bxd4 b5 36. Qb2 Rxd4 37. Rxd4 Nc6 38. Qxb5 Bxd4 39. Rc1 Qxb5 40. Bxb5 Rb8 41. Bxc6 Rb2 42. Rd1 Bxf2+ 43. Kh1 Bc5 44. Rd8+ Kg7 45. Rd7 Kf6 46. Rc7 h5 47. Ba4 h4 48. Rxc5 h3 49. Rc1 1/2-1/2

[Event "Slovakia Chess Open 2024"]
[Site "Modra"]
[Date "2024.03.02"]
[Round "2.4"]
[White "Stevik, Patrik"]
[Black "Kukla, Tomas"]
[Result "1-0"]
[ECO "D11"]
[WhiteElo "2167"]
[BlackElo "1864"]
[Annotator "RC"]
[PlyCount "63"]
[EventDate "2024.02.29"]
[EventType "swiss"]
[EventCountry "SVK"]
[SourceTitle "playchess.com"]
[Source "ChessBase"]
[SourceQuality "1"]
[TimeControl "5400+30"]

1. d4 d5 2. c4 c6 3. Nf3 Nf6 4. g3 Bf5 5. Bg2 e6 6. O-O Nbd7 7. Nc3 Be7 8. Nh4 Bg4 9. h3 Bh5 10. cxd5 Nxd5 11. Nf3 O-O 12. e4 Nxc3 13. bxc3 c5 14. Qb3 b6 15. Bf4 Rc8 16. Qa4 Nf6 17. Ne5 a5 18. Rab1 Be2 19. Rfe1 b5 20. Qc2 Bc4 21. Nxc4 bxc4 22. d5 exd5 23. exd5 Nh5 24. Bd2 Bd6 25. Qe4 f5 26. Qe2 Nf6 27. Qe6+ Kh8 28. Qxf5 Qc7 29. Re6 Rf7 30. Rxd6 g6 31. Qf4 Rcf8 32. Rxf6 1-0

[Event "Slovakia Chess Open 2024"]
[Site "Modra"]
[Date "2024.03.02"]
[Round "2.5"]
[White "Palka, Miroslav"]
[Black "Banas, Kamil"]
[Result "0-1"]
[ECO "D48"]
[WhiteElo "1780"]
[BlackElo "2162"]
[Annotator "RC"]
[PlyCount "54"]
[EventDate "2024.02.29"]
[EventType "swiss"]
[EventCountry "SVK"]
[SourceTitle "playchess.com"]
[Source "ChessBase"]
[SourceQuality "1"]
[TimeControl "5400+30"]

1. c4 e6 2. Nc3 d5 3. d4 c6 4. e3 Nf6 5. Nf3 Nbd7 6. Bd3 dxc4 7. Bxc4 b5 8. Bd3 a6 9. O-O Bb7 10. Ne4 Nxe4 11. Bxe4 Nf6 12. Bd3 c5 13. Be2 Qb6 14. b3 Rd8 15. Bb2 Be7 16. Qc1 Rc8 17. Rd1 O-O 18. Qd2 c4 19. Rdc1 Ne4 20. Qe1 c3 21. Bxc3 Nxc3 22. Rxc3 Bb4 23. Rxc8 Bxe1 24. Rxf8+ Kxf8 25. Rxe1 Qa5 26. Rc1 Qxa2 27. Bf1 Bxf3 0-1

[Event "Slovakia Chess Open 2024"]
[Site "Modra"]
[Date "2024.03.02"]
[Round "2.6"]
[White "Galla, Richard"]
[Black "Pietrucha, Jaroslaw"]
[Result "1-0"]
[ECO "C41"]
[WhiteElo "1975"]
[BlackElo "1781"]
[Annotator "NA RC"]
[PlyCount "89"]
[EventDate "2024.02.29"]
[EventType "swiss"]
[EventCountry "SVK"]
[SourceTitle "playchess.com"]
[Source "ChessBase"]
[SourceQuality "1"]
[TimeControl "5400+30"]

1. e4 e5 2. Nf3 d6 3. d4 exd4 4. Nxd4 Nf6 5. Nc3 Be7 6. g3 Bd7 {[%emt 0:00:33] C41: Philidor Defence.} 7. Bg2 Nc6 8. Nde2 Qc8 9. Nf4 h6 10. b3 Ne5 11. Bb2 Bc6 12. Qd2 a5 13. a4 Bd7 (13... Qg4 $142) 14. Ncd5 Nxd5 15. Nxd5 f6 16. f4 Nc6 17. h3 Be6 18. O-O-O Qd7 19. Rhe1 O-O-O 20. f5 Bf7 21. Bc3 b6 22. Qd3 Bxd5 23. Qxd5 Nb8 24. e5 c6 25. Qd4 c5 26. Qc4 fxe5 27. Rxe5 Bf6 28. Re6 Bxc3 29. Qxc3 $18 Qc7 30. Rg6 Rd7 31. f6 gxf6 32. Qxf6 Rhd8 33. Rxh6 Na6 34. h4 Kb8 35. Qf1 Ka7 36. Rh5 Rf7 37. Rf5 Rdf8 38. Rxf7 Rxf7 39. Qd3 Rd7 40. Qd5 Qb8 41. c3 Qh8 42. Kc2 Qb8 43. Qc6 Qe8 44. Rd2 Qd8 45. Rxd6 1-0